 Dungeon Crawl Stone Soup version 0.13.0-6-g40e4d2d (webtiles) character file.

4340 Piginabag the Nimble (level 9, -6/76 HPs)
             Began as a Deep Dwarf Healer on Oct 15, 2013.
             Was an Initiate of Elyvilon.
             Killed by divine providence
             ... invoked by an orc priest
              (9 damage)
             ... on Level 9 of the Dungeon.
             The game lasted 00:58:13 (7896 turns).

Piginabag the Nimble (Deep Dwarf Healer)            Turns: 7896, Time: 00:58:13

HP  -6/76        AC 13     Str 18      XL: 9   Next: 99%
MP  10/10        EV 14     Int 23      God: Elyvilon [......]
Gold 472         SH  0     Dex 12      Spells:  1 memorised,  6 levels left

Res.Fire  : . . .   See Invis. : .   A - -2,-3 long sword (slice)
Res.Cold  : . . .   Warding    : .   w - +4 ring mail of Pluaska {Str+2 Int+4}
Life Prot.: . . .   Conserve   : .   (no shield)
Res.Poison: .       Res.Corr.  : .   (no helmet)
Res.Elec. : .       Clarity    : .   (no cloak)
Sust.Abil.: . .     Spirit.Shd : .   s - +0 pair of gloves
Res.Mut.  : .       Stasis     : .   (no boots)
Res.Rott. : .       Flight     : .   j - amulet of rage
Saprovore : . . .                    K - +2 ring of protection
                                     J - +3 ring of intelligence

@: non-regenerating, somewhat resistant to hostile enchantments, unstealthy
A: damage resistance, recharge devices, sense surroundings 2, slow healing 3
a: Device Recharging, Lesser Healing, Renounce Religion, Evoke Berserk Rage


You were on level 9 of the Dungeon.
You worshipped Elyvilon.
Elyvilon was noncommittal.
You were not hungry.

You visited 1 branch of the dungeon, and saw 11 of its levels.

You collected 372 gold pieces.

Inventory:

Hand weapons
 b - a -1,+1 orcish dagger of returning (quivered)
 g - a +2,+2 dwarven short sword of freezing
 r - a +3,+2 hand axe
 A - a -2,-3 long sword of slicing (weapon)
 G - a +1,+2 sling of frost
Armour
 s - a +0 pair of gloves (worn)
 w - the +4 ring mail of Pluaska (worn) {Str+2 Int+4}
   (You found it on level 5 of the Dungeon)

   It affects your strength (+2).
   It affects your intelligence (+4).
Magical devices
 d - a wand of heal wounds (0)
 q - a wand of frost (12)
 N - a wand of draining (2) {unknown}
Comestibles
 a - a choko
 f - 5 bread rations
 m - a lemon
 p - a honeycomb
 v - 2 apples
 z - a meat ration
 F - 6 beef jerkies
 M - 2 pears
Scrolls
 i - a scroll of enchant weapon I
 k - a scroll of identify
 t - 5 scrolls of remove curse
 x - a scroll of enchant armour {unknown}
Jewellery
 j - an amulet of rage (around neck)
 o - a cursed ring of teleportation
 E - an uncursed ring of fire
 H - an uncursed ring of ice
 J - a +3 ring of intelligence (left hand)
 K - a +2 ring of protection (right hand)
Potions
 e - a potion of flight
 h - a potion of speed
 l - 2 potions of agility {unknown}
 n - a potion of slowing {unknown}
 u - a potion of restore abilities {unknown}
 B - 3 potions of resistance {unknown}
 C - 2 potions of paralysis {unknown}
 D - a potion of poison {unknown}
 I - a potion of magic {unknown}
 L - a potion of curing
Books
 y - a book of Air

   Spells                             Type                      Level
   Shock                              Conjuration/Air              1
   Swiftness                          Charms/Air                   2
   *Repel Missiles                    Charms/Air                   2
   Flight                             Charms/Air                   3
   Static Discharge                   Conjuration/Air              3
   Lightning Bolt                     Conjuration/Air              5


   Skills:
 + Level 4.4 Fighting
 + Level 2.4 Short Blades
 + Level 4.8 Long Blades
   Level 1.5 Maces & Flails
 + Level 0.1 Throwing
 + Level 6.9 Armour
 + Level 10.6 Dodging
 + Level 2.1 Stealth
 + Level 0.3 Unarmed Combat
 + Level 6.1 Invocations
 + Level 2.8 Evocations


You had 6 spell levels left.
You knew the following spells:

 Your Spells              Type           Power        Failure   Level  Hunger
a - Repel Missiles        Chrm/Air       #.........   24%         2    ###....


Dungeon Overview and Level Annotations

Branches:
Dungeon (11/27)            Temple (0/1) D:5             Orc (0/4) D:8
   Lair: D:8-13

Altars:
Ashenzari
Kikubaaqudgha
Nemelex Xobeh
Okawaru

Shops:
D:7 *

Annotations:
D:10 CrazyArbalest's ghost, powerful KoHu


Innate Abilities, Weirdness & Mutations

You are resistant to damage.
You can recharge devices by infusing magical energy.
You passively map the area around you.
You do not heal naturally.


Message History

The orc priest looks braver.
The orc warrior closely misses you.
You closely miss the orc warrior.
The orc warrior is moderately wounded.
The orc priest calls upon Beogh to heal the orc warrior.
The orc warrior is healed somewhat.
The orc warrior closely misses you.
You hit the orc warrior.
The orc warrior is moderately wounded.
The orc warrior misses you.
You hit the orc warrior but do no damage.
The orc warrior is moderately wounded.
The orc priest becomes somewhat translucent.
The orc warrior hits you with an orcish war axe!
* * * LOW HITPOINT WARNING * * *
You hit the orc warrior but do no damage.
The orc warrior is moderately wounded.
The orc warrior closely misses you.
The orc priest invokes the aid of Beogh against you.
Something smites you!
You die...

, **########## , *
.........# , , *
########@# , ######o######
** * #.....oo....#** * ,
#.###.##.##...... ,
#.###.#...#.##.#* ,
#.##........#, ,* ,
*#######.##..#.........o,*
, *#.....#.##..##..#.....
,* ,,
*#.................#..# ,


You could see an orc warrior, an orc priest and an orc.

Vanquished Creatures
  Grinder (D:5)
  A wraith (D:11)
  2 hippogriffs (D:10)
  Eustachio (D:8)
  2 hungry ghosts
  2 manticores
  2 orc warriors (D:6)
  A phantom (D:7)
  3 centaurs
  2 ogres
  A sky beast (D:6)
  Sigmund (D:3)
  2 giant frogs
  4 wights (D:10)
  A yak skeleton (D:10)
  4 crimson imps
  A jelly (D:6)
  3 orc priests
  4 hounds
  2 iguanas
  3 orc wizards
  7 scorpions
  7 worker ants
  A sky beast zombie (D:8)
  Jessica (D:2)
  A hound skeleton (D:9)
  3 gnolls (D:4)
  A green rat (D:8)
  An inept feature mimic (D:3)
  8 adders
  2 giant mites (D:5)
  7 worms
  A grey rat (D:8)
  A giant eyeball (D:4)
  5 giant geckos
  11 orcs
  A ball python (D:5)
  A bat skeleton (D:5)
  8 giant cockroaches
  10 goblins
  11 hobgoblins
  17 kobolds
  20 bats
  17 giant newts
  A hobgoblin zombie (D:6)
  12 jackals
  A jackal skeleton (D:6)
  An orc zombie (D:8)
  4 quokkas (D:2)
  A quokka zombie (D:5)
  11 rats
  A rat skeleton (D:5)
  A fungus (D:5)
218 creatures vanquished.

Vanquished Creatures (others)
  The ghost of temujin the Cloud Mage, an experienced HEAE of Vehumet (D:8)
  An orc priest (D:5)
  2 orc wizards
  An orc (D:5)
  A giant spore (D:10)
6 creatures vanquished.

Grand Total: 224 creatures vanquished

Notes
Turn   | Place    | Note
--------------------------------------------------------------
     0 | D:1      | Piginabag, the Deep Dwarf Healer, began the quest for the Orb.
     0 | D:1      | Reached XP level 1. HP: 19/19 MP: 2/2
    72 | D:1      | Reached skill level 5 in Invocations
   163 | D:1      | Reached XP level 2. HP: 20/26 MP: 4/4
   878 | D:2      | Reached XP level 3. HP: 20/32 MP: 6/6
  1036 | D:2      | Reached XP level 4. HP: 36/39 MP: 7/7
  1115 | D:2      | Noticed Jessica
  1153 | D:2      | Killed Jessica
  1276 | D:2      | Found a shattered altar of Ashenzari.
  1280 | D:2      | Found a sparkling altar of Nemelex Xobeh.
  1286 | D:2      | Reached skill level 1 in Maces & Flails
  1295 | D:2      | Found an iron altar of Okawaru.
  1415 | D:2      | Reached skill level 1 in Evocations
  1765 | D:3      | Noticed Sigmund
  1845 | D:3      | Found a sparkling altar of Nemelex Xobeh.
  1957 | D:3      | Reached skill level 1 in Armour
  2056 | D:3      | Reached XP level 5. HP: 21/46 MP: 8/8
  2399 | D:3      | Killed Sigmund
  2610 | D:4      | Reached skill level 5 in Dodging
  2627 | D:4      | Paralysed by a giant eyeball for 3 turns
  2633 | D:4      | Paralysed by a giant eyeball for 3 turns
  2833 | D:4      | Reached XP level 6. HP: 21/54 MP: 9/9
  3122 | D:5      | Entered Level 5 of the Dungeon
  3192 | D:5      | Got an ichor-stained ring mail
  3202 | D:5      | Identified the +4 ring mail of Pluaska {Str+2 Int+4} (You found it on level 5 of the Dungeon)
  3373 | D:5      | Reached skill level 1 in Short Blades
  3805 | D:5      | Reached XP level 7. HP: 37/61 MP: 10/10
  3846 | D:5      | Reached skill level 6 in Dodging
  4039 | D:5      | Noticed Grinder
  4057 | D:5      | Killed Grinder
  4057 | D:5      | Reached skill level 1 in Long Blades
  4057 | D:5      | Reached skill level 1 in Stealth
  4072 | D:5      | Found a staircase to the Ecumenical Temple.
  4337 | D:6      | Reached skill level 7 in Dodging
  4337 | D:6      | Reached XP level 8. HP: 33/68 MP: 11/11
  4854 | D:6      | Reached skill level 5 in Armour
  4988 | D:6      | Reached skill level 8 in Dodging
  5149 | D:6      | Found an ancient bone altar of Kikubaaqudgha.
  5238 | D:7      | Found Kecruesch's Hardware Store.
  5382 | D:7      | Learned a level 2 spell: Repel Missiles
  6227 | D:8      | Noticed temujin's ghost (experienced HEAE)
  6241 | D:8      | Killed temujin's ghost
  6241 | D:8      | Gained mutation: You passively map the area around you. [level up]
  6241 | D:8      | Reached XP level 9. HP: 47/76 MP: 12/12
  6289 | D:8      | Reached skill level 9 in Dodging
  6330 | D:8      | Found a staircase to the Orcish Mines.
  6465 | D:8      | Noticed Eustachio
  6553 | D:8      | Killed Eustachio
  6796 | D:10     | Entered Level 10 of the Dungeon
  6796 | D:10     | Noticed CrazyArbalest's ghost (powerful KoHu)
  6934 | D:10     | HP: 3/76 [ogre/giant club (9)]
  7132 | D:10     | Reached skill level 10 in Dodging
  7895 | D:9      | HP: 3/76 [orc warrior/orcish war axe (5)]
  7896 | D:9      | Killed from afar by an orc priest

Action                   |  1- 3 |  4- 6 |  7- 9 || total
-------------------------+-------+-------+-------++-------
Melee: Unarmed           |   202 |       |       ||   202
       Whip              |    60 |       |       ||    60
       Club              |   117 |   128 |       ||   245
       Morningstar       |       |   107 |       ||   107
       Short sword       |       |   157 |    42 ||   199
       Long sword        |       |       |  1113 ||  1113
Throw: Dagger            |       |       |     1 ||     1
Invok: Lesser Self-Heali |       |    11 |    52 ||    63
 Abil: Device Recharging |     1 |     3 |     4 ||     8
       Evoke Berserk Rag |       |       |     1 ||     1
Evoke: Wand              |     7 |    10 |    21 ||    38
  Use: Scroll            |     2 |       |    21 ||    23
       Potion            |       |     3 |     7 ||    10
 Stab: Held in net/web   |       |       |     1 ||     1
